 Dungeon Crawl Stone Soup version 0.29.0-13-gc9e81de378 (webtiles) character file.

Game seed: 14825059845602930429

555 Frenzy the Chopper (level 7, 0/60 HPs)
             Began as a Hill Orc Fighter on Sept 8, 2022.
             Succumbed to a scorpion's poison
             ... on level 5 of the Dungeon.
             The game lasted 00:21:13 (3136 turns).

Frenzy the Chopper (Hill Orc Fighter)               Turns: 3136, Time: 00:21:14

Health: 0/60       AC:  9    Str: 21    XL:     7   Next: 30%
Magic:  7/7        EV: 21    Int:  8    God:
Gold:   159        SH: 12    Dex: 10    Spells: 6/6 levels left

rFire   . . .      SeeInvis +   v - +3 hand axe
rCold   . . .      Faith    .   j - +0 tower shield
rNeg    . . .      Spirit   .   b - +0 scale mail
rPois   .          Reflect  .   t - +0 helmet "Byopakko" {Will+ SInv}
rElec   .          Harm     .   r - +0 cloak
rCorr   .          Rampage  .   (no gloves)
Will    +....                   (no boots)
Stlth   ..........              w - amulet of the acrobat
HPRegen 0.20/turn               (no ring)
MPRegen 0.10/turn               (no ring)

@: lethally poisoned (0 -> -6), acrobatic
A: no striking features
a: no special abilities


You were on level 5 of the Dungeon.
You visited 1 branch of the dungeon, and saw 5 of its levels.

You collected 159 gold pieces.

Inventory:

Hand Weapons
 a - a +0 war axe
 v - a +3 hand axe (weapon)
Armour
 b - a +0 scale mail (worn)
 c - a +0 buckler
 j - a +0 tower shield (worn)
 r - a +0 cloak (worn)
 t - the +0 helmet "Byopakko" (worn) {Will+ SInv}
   (You found it on level 3 of the Dungeon)

   SInv:      It lets you see invisible.
   Will:      It increases your willpower.
Jewellery
 w - an amulet of the acrobat (around neck)
Scrolls
 g - 2 scrolls of teleportation {unknown}
 h - 2 scrolls of enchant weapon {unknown}
 k - a scroll of poison {unknown}
 l - a scroll of blinking
 p - 7 scrolls of identify {unknown}
 s - 2 scrolls of vulnerability {unknown}
 x - a scroll of summoning {unknown}
Potions
 d - a potion of might
 e - 2 potions of attraction {unknown}
 f - a potion of lignification {unknown}
 i - a potion of curing {unknown}
 m - 2 potions of flight {unknown}
 n - 2 potions of heal wounds {unknown}
 o - 2 potions of brilliance {unknown}
 q - a potion of degeneration {unknown}
 u - a potion of invisibility {unknown}


   Skills:
 + Level 4.7 Fighting
 + Level 6.7 Axes
 + Level 4.8 Armour
 + Level 1.0 Dodging
 + Level 0.1 Stealth
 + Level 5.3 Shields


You had 6 spell levels left.
You didn't know any spells.
Your spell library contained the following spells:

 Spells                   Type           Power      Damage    Failure   Level
 Airstrike                Air            0%         2d(0-16)  100%        4
 Summon Lightning Spire   Summ/Air       0%         N/A       100%        4
 Lightning Bolt           Conj/Air       0%         1d11      100%        5


Dungeon Overview and Level Annotations

Branches:
Dungeon (5/15)             Temple (0/1) D:4

Altars:
Cheibriados
Elyvilon
Gozag
Kikubaaqudgha
Qazlal
Wu Jian
The Shining One

Shops:
D:2 [?*   D:4 **


Message History

The scorpion stings you but does no damage.
You barely miss the scorpion.
The scorpion is lightly wounded.
You block the scorpion's attack.
You hit the scorpion.
The scorpion is moderately wounded.
The scorpion stings you but does no damage.
You block the scorpion's attack.
You closely miss the scorpion.
The scorpion is moderately wounded.
You block the scorpion's attack. The scorpion stings you.
* * * LOW HITPOINT WARNING * * *
You are poisoned.
The scorpion poisons you!
You hit the scorpion but do no damage.
The scorpion is moderately wounded.
You feel very sick. You block the scorpion's attack.
You hit the scorpion.
The scorpion is heavily wounded.
You feel sick. The scorpion barely misses you.
The scorpion stings you but does no damage.
You hit the scorpion.
The scorpion is heavily wounded.
You feel sick. You block the scorpion's attack.
You hit the scorpion.
The scorpion is almost dead.
You feel sick. The scorpion stings you.
* * * LOW HITPOINT WARNING * * *
You are lethally poisoned!
The scorpion poisons you! The scorpion barely misses you.
You slash the scorpion!
You kill the scorpion!
* * * LOW HITPOINT WARNING * * *
You feel very sick.
Your Dodging skill increases to level 1!
* * * LOW HITPOINT WARNING * * *
You feel sick.
You see here a scorpion corpse.
You die...

## #.≈.≈...≈.≈. ..
#.≈.≈≈≈≈≈.≈. .#.
.≈......"≈. ..
≈≈≈≈≈≈≈§§. .#####.
....... .......###
....
.........#####.#
.............†@#
.........#####.###
.........# #..†..#
.........# #.###.#
.........# #.# #.#
.........###.# #.#
#..#
######.......# #.#
#..#
###########'##
#..#
#.......###..#


There were no monsters in sight!

Vanquished Creatures
  A water moccasin (D:5)
  3 scorpions (D:5)
  2 hounds
  A jelly (D:4)
  An iguana (D:5)
  7 adders
  An ufetubus (D:4)
  A worm (D:3)
  4 dart slugs
  6 orcs (D:4)
  6 ball pythons
  9 endoplasms
  3 giant cockroaches
  6 goblins
  5 hobgoblins
  2 jackals (D:4)
  9 kobolds
  3 quokkas
  3 bats
  8 frilled lizards
  2 rats (D:1)
83 creatures vanquished.

Notes
Turn   | Place    | Note
-------+----------+-------------------------------------------
     0 | D:1      | Frenzy the Hill Orc Fighter began the quest for the Orb.
     0 | D:1      | Reached XP level 1. HP: 19/19 MP: 1/1
    74 | D:1      | Reached XP level 2. HP: 25/27 MP: 2/2
   247 | D:1      | Reached skill level 3 in Axes
   247 | D:1      | Reached XP level 3. HP: 19/33 MP: 3/3
   500 | D:2      | Found a faded altar of an unknown god.
   701 | D:2      | Found Buka's Magic Scroll Emporium.
   749 | D:2      | Found Sohahia's General Store.
   923 | D:2      | Reached XP level 4. HP: 22/40 MP: 4/4
  1046 | D:2      | Found Ixaexy's Antique Armour Shop.
  1160 | D:2      | Reached skill level 4 in Axes
  1824 | D:3      | Reached XP level 5. HP: 41/46 MP: 5/5
  1861 | D:3      | Found a stormy altar of Qazlal.
  1982 | D:3      | Identified the +0 helmet "Byopakko" {Will+ SInv}
  2308 | D:4      | Found a white marble altar of Elyvilon.
  2465 | D:4      | Found Pol Liru's General Store.
  2468 | D:4      | Found Pashetaf's Specific Store.
  2536 | D:4      | Found a snail-covered altar of Cheibriados.
  2536 | D:4      | Found a glowing golden altar of the Shining One.
  2577 | D:4      | Found an opulent altar of Gozag.
  2655 | D:4      | Found an ornate altar of the Wu Jian Council.
  2702 | D:4      | Reached XP level 6. HP: 51/53 MP: 6/6
  2716 | D:4      | Found a staircase to the Ecumenical Temple.
  2804 | D:4      | Found an ancient bone altar of Kikubaaqudgha.
  2870 | D:5      | Entered Level 5 of the Dungeon
  2898 | D:5      | Reached skill level 5 in Axes
  3035 | D:5      | Reached skill level 6 in Axes
  3054 | D:5      | Noticed a water moccasin
  3094 | D:5      | Killed a water moccasin
  3095 | D:5      | Reached skill level 5 in Shields
  3095 | D:5      | Reached XP level 7. HP: 23/60 MP: 7/7
  3134 | D:5      | HP: 3/60 [poisoned by a scorpion]
  3135 | D:5      | Reached skill level 1 in Dodging
  3135 | D:5      | HP: 1/60 [poisoned by a scorpion]
  3136 | D:5      | Succumbed to a scorpion's poison

Illustrated notes

Levels and vault maps discovered:
D:1:      dpeg_arrival_renting, layout_rooms, minmay_tiny_reverse_x
D:2:      cheibrodos_old_hovel, layout_basic, serial_shops, nicolae_shop_trees,
          nicolae_lakefront_shop, nicolae_shop_trees,
          shapermc_ecumenical_altar_totnotflames
D:3:      minmay_evil_eye, layout_basic, lemuel_coloured_pillars_altar
D:4:      layout_loops_ring, mainiacjoe_overflow_24_doors, marbit_many_paths,
          nicolae_wu_jian_immortal_techniques, mainiacjoe_overflow_brackets,
          kennysheep_mini, nicolae_overflow_two_pavilions,
          minmay_temple_entry_nine_rooms, nicolae_specific_store
D:5:      layout_basic, makhleb_blood_cavern_becter,
          mainiacjoe_overflow_concentric_impassable, grunt_tough_drop

Skill      XL: |  1  2  3  4  5  6  7 |
---------------+----------------------+-----
Fighting       | 4 |  4.7
Axes           | 3 4 6 |  6.7
Shields        | 4 5 |  5.3
Armour         | 4 |  4.8
Dodging        | 1 |  1.0
Stealth        | |  0.1

Action                   |  1- 3 |  4- 6 |  7- 9 || total
-------------------------+-------+-------+-------++-------
Melee: War axe           |   100 |    72 |       ||   172
       Hand axe          |       |    70 |    16 ||    86
  Use: Scroll            |     1 |       |       ||     1
Armor: Scale mail        |    57 |    73 |     3 ||   133
Dodge: Dodged            |    60 |    23 |     4 ||    87
Block: Buckler           |    20 |       |       ||    20
       Tower shield      |    24 |   113 |    11 ||   148
